 Dungeon Sprint DCSS version 0.30-a0-377-g5cb311bc9f (webtiles) character file.

Game seed: 2958815978197825580

2041 rocky1 the Placeless Naga (level 9, -23/88 HPs)
             Began as a Naga Warper on Nov 28, 2022.
             Was the Champion of Cheibriados.
             Shot with an arrow by Nessos (24 damage)
             ... in the Dungeon (Sprint VII: "The Pits").
             The game lasted 00:04:30 (1541 turns).

rocky1 the Placeless Naga (Naga Warper)             Turns: 1541, Time: 00:04:30

Health: -23/88     AC: 13    Str: 35    XL:     9   Next: 24%
Magic:  9/20       EV: 15    Int: 30    God:    Cheibriados [******]
Gold:   0          SH:  0    Dex: 28    Spells: 10/22 levels left

rFire   . . .      SeeInvis +    j - +2 hand axe (venom)
rCold   . . .      Faith    .    (no shield)
rNeg    . . .      Spirit   .    y - +5 ring mail
rPois   +          Reflect  .    a - +0 helmet
rElec   .          Harm     .    (no cloak)
rCorr   .          Rampage  .    (no gloves)
Will    +....      NoTele   +    (no barding)
Stlth   ++........               (no amulet)
HPRegen 0.34/turn                s - +3 ring of strength
MPRegen 0.17/turn                t - +3 ring of strength

@: lethally poisoned (-23 -> -48), very slow
A: AC +3, large, see invisible, deformed body, poison resistance, slowness 2,
spit poison 1, naga tail 1
a: Spit Poison, Renounce Religion, Bend Time, Temporal Distortion, Slouch, Step
From Time


You were in the Dungeon.
You worshipped Cheibriados.
Cheibriados was exalted by your worship.
You visited 1 branch

Inventory:

Hand Weapons
 b - a +2 scimitar of holy wrath
 j - a +2 hand axe of venom (weapon)
 w - a +2 morningstar of protection
 x - a +1 broad axe of flaming
Missiles
 d - 7 boomerangs of dispersal (quivered)
 q - a throwing net
Armour
 a - a +0 helmet (worn)
 y - a +5 ring mail (worn)
Jewellery
 s - a +3 ring of strength (left hand)
 t - a +3 ring of strength (right hand)
Wands
 r - a wand of polymorph (4)
Scrolls
 c - 2 scrolls of blinking
 m - 5 scrolls of amnesia
 n - a scroll of summoning
Potions
 e - 7 potions of curing
 f - 8 potions of heal wounds
 g - a potion of haste
 h - 4 potions of magic
 i - 3 potions of berserk rage
 l - 2 potions of invisibility
 u - 2 potions of brilliance
 v - 4 potions of mutation


   Skills:
 + Level 8.1 Fighting
 + Level 7.7(7.9) Axes
 - Level 2.0(5.3) Maces & Flails
 - Level 0.8 Throwing
 + Level 6.4 Armour
 + Level 6.7 Dodging
 + Level 7.4 Spellcasting
 + Level 8.5 Translocations
 + Level 8.0 Invocations


You had 10 spell levels left.
You knew the following spells:

 Your Spells              Type           Power      Damage    Failure   Level
a - Blink                 Tloc           100%       N/A       1%          2
b - Vhi's Electric Charg  Tloc/Air       72%        N/A       3%          3
c - Manifold Assault      Tloc           58%        N/A       1%          4
d - Lesser Beckoning      Tloc           100%       N/A       1%          3

Your spell library contained the following spells:

 Spells                   Type           Power      Damage    Failure   Level
 Teleport Other           Tloc           58%        N/A       1%          3


Dungeon Overview and Level Annotations

Branches:
Dungeon (1/1)

Altars:
Ashenzari
Cheibriados
Dithmenos
Elyvilon
Fedhas
Gozag
Hepliaklqana
Kikubaaqudgha
Makhleb
Nemelex Xobeh
Okawaru
Qazlal
Ru
Sif Muna
Trog
Uskayaw
Vehumet
Wu Jian
Xom
Yredelemnul
Zin
The Shining One
Jiyva
Lugonu

Annotations:
D Nessos


Innate Abilities, Weirdness & Mutations

Your serpentine skin is tough. (AC +3)
You have supernaturally acute eyesight. (SInv)
Armour fits poorly on your strangely shaped body.
Your system is resistant to poisons. (rPois)
You cover ground very slowly.
You can spit poison.
You have a snake-like lower body.


Message History

You are poisoned.
* * * LOW HITPOINT WARNING * * *
Nessos unwields a +1 longbow of flaming.
It stops flaming.
Nessos hits you but does no damage. Nessos kicks you but does no damage.
You feel much better.
You feel sick.
Nessos gestures wildly while chanting.
Nessos blinks!
Unknown command.
Casting: Lesser Beckoning (safe; 1% risk of failure)
Confirm with . or Enter, or press ? or * to list all spells.
Charge where?
Press: ? - help, Dir - move target, f/p - Nessos
Aim: Nessos, wearing a +0 barding (heavily wounded, fast, very poisoned)
You charge forward with an electric crackle!
You hit Nessos and electrocute them.
Nessos looks as sick as possible!
Nessos is severely wounded.
You feel very sick. Nessos hits you but does no damage.
Nessos barely misses you.
Nessos gestures wildly while chanting.
Nessos blinks!
Nessos stands on their hind legs for a moment.
Nessos hits you but does no damage. Nessos kicks you.
Nessos casts a spell.
Nessos blinks!
Nessos wields a +1 longbow of flaming.
It bursts into flame!
Nessos shoots an arrow.
The arrow hits you!
* * * LOW HITPOINT WARNING * * *
The arrow burns you.
* * * LOW HITPOINT WARNING * * *
Unknown command.
You feel much better.
You feel sick.
Nessos shoots an arrow.
The arrow hits you! The arrow burns you.
* * * LOW HITPOINT WARNING * * *
Nessos shoots an arrow.
The arrow hits you!!
* * * LOW HITPOINT WARNING * * *
The arrow burns you.
You are lethally poisoned!
* * * LOW HITPOINT WARNING * * *
Nessos shoots an arrow.
The arrow hits you!!
You die...

#... #... #..# #..#
#..# ####### #..#
..##..# #..#
..##..# #°.#
..''..# #@.#
..''..##########§.#
..##............c.#
..##..............#
###################


You could see Nessos (fast, extremely poisoned).

Vanquished Creatures
  Harold (D)
  2 flying skulls (D)
  3 yaks (D)
  A water moccasin (D)
  An ice beast (D)
  A sky beast (D)
  Pargi (D)
  4 killer bees (D)
  2 jellies (D)
  An orc priest (D)
  A hell rat (D)
  2 river rats (D)
  A white imp (D)
  2 ufetubi (D)
  A worm (D)
  5 orcs (D)
  An endoplasm (D)
  2 goblins (D)
  A ball python (D)
  A bat (D)
  A jackal skeleton (D)
  A kobold (D)
  A quokka skeleton (D)
37 creatures vanquished.

Notes
Turn   | Place    | Note
-------+----------+-------------------------------------------
     0 | D        | rocky1 the Naga Warper began the quest for the Orb.
     0 | D        | Reached XP level 1. HP: 19/19 MP: 3/3
    19 | D        | Found a bloodstained altar of Trog.
    19 | D        | Found a shimmering blue altar of Sif Muna.
    19 | D        | Found a viscous altar of Jiyva.
    19 | D        | Found a hazy altar of Hepliaklqana.
    19 | D        | Found an opulent altar of Gozag.
    20 | D        | Found a glowing golden altar of the Shining One.
    20 | D        | Found a glowing silver altar of Zin.
    20 | D        | Found a basalt altar of Yredelemnul.
    20 | D        | Found a shimmering altar of Xom.
    20 | D        | Found an ornate altar of the Wu Jian Council.
    20 | D        | Found a sacrificial altar of Ru.
    20 | D        | Found a stormy altar of Qazlal.
    20 | D        | Found an iron altar of Okawaru.
    20 | D        | Found a sparkling altar of Nemelex Xobeh.
    20 | D        | Found a burning altar of Makhleb.
    20 | D        | Found a blossoming altar of Fedhas.
    20 | D        | Found a white marble altar of Elyvilon.
    20 | D        | Found a shadowy altar of Dithmenos.
    20 | D        | Found a snail-covered altar of Cheibriados.
    23 | D        | Found a corrupted altar of Lugonu.
    23 | D        | Found a radiant altar of Vehumet.
    24 | D        | Found an ancient bone altar of Kikubaaqudgha.
    24 | D        | Found a hide-covered altar of Uskayaw.
    24 | D        | Found a broken altar of Ashenzari.
    31 | D        | Became a worshipper of Cheibriados the Contemplative
    77 | D        | Reached * piety under Cheibriados
   183 | D        | Reached ** piety under Cheibriados
   184 | D        | Reached skill level 1 in Armour
   187 | D        | Reached skill level 1 in Axes
   187 | D        | Reached XP level 2. HP: 22/27 MP: 3/5
   191 | D        | Reached *** piety under Cheibriados
   200 | D        | Reached XP level 3. HP: 9/34 MP: 5/7
   466 | D        | Noticed Pargi
   471 | D        | Reached **** piety under Cheibriados
   471 | D        | Noticed a water moccasin
   473 | D        | Reached ***** piety under Cheibriados
   473 | D        | Killed a water moccasin
   474 | D        | Reached skill level 5 in Translocations
   474 | D        | Reached XP level 4. HP: 37/45 MP: 2/10
   474 | D        | Reached XP level 5. HP: 42/51 MP: 2/11
   478 | D        | Killed Pargi
   479 | D        | Reached skill level 5 in Fighting
   479 | D        | Reached XP level 6. HP: 43/61 MP: 2/12
   593 | D        | Learned a level 2 spell: Blink
   597 | D        | Learned a level 3 spell: Vhi's Electric Charge
   602 | D        | Learned a level 4 spell: Manifold Assault
   606 | D        | Learned a level 3 spell: Lesser Beckoning
   731 | D        | Noticed Harold
   748 | D        | Killed Harold
   748 | D        | Reached ****** piety under Cheibriados
   749 | D        | Reached skill level 5 in Armour
   749 | D        | Reached skill level 5 in Dodging
   749 | D        | Reached XP level 7. HP: 27/70 MP: 13/16
   749 | D        | Reached XP level 8. HP: 30/78 MP: 13/17
   897 | D        | Noticed a flying skull
   901 | D        | Killed a flying skull
  1352 | D        | Noticed a flying skull
  1370 | D        | Killed a flying skull
  1514 | D        | Noticed Nessos
  1514 | D        | Noticed a yak
  1514 | D        | Noticed a yak
  1514 | D        | Noticed a yak
  1519 | D        | Killed a yak
  1520 | D        | Reached XP level 9. HP: 79/88 MP: 19/19
  1541 | D        | HP: 1/88 [Nessos/arrow (5)]
  1541 | D        | Shot with an arrow by Nessos

Illustrated notes

Levels and vault maps discovered:
D:        pitsprint [storerooms_1, entrance_room_1, metal_vault_1, armoury_3,
          mini_pit_1, grid_room_1, main_hall_1, silver_pit, the_coven_2,
          the_vestibule_1, steel_vault_1, golden_pit, hallway_of_sentries,
          crystal_vault_2, iron_vault_5, final_vault]

Skill      XL: |  1  2  3  4  5  6  7  8  9 |
---------------+----------------------------+-----
Armour         | 1 3 5 6 |  6.4
Axes           | 1 3 4 6 7 |  7.7
Dodging        | 2 3 4 5 6 |  6.7
Fighting       | 3 4 5 6 7 8 |  8.1
Translocations | 5 7 8 |  8.5
Spellcasting   | 4 6 7 |  7.4
Invocations    | 3 4 6 7 8 |  8.0
Maces & Flails | |  2.0
Throwing       | |  0.8

Action                   |  1- 3 |  4- 6 |  7- 9 || total
-------------------------+-------+-------+-------++-------
Melee: Hand axe          |    22 |    30 |    52 ||   104
       Mace              |     2 |       |       ||     2
       Punch             |     1 |     2 |     1 ||     4
 Cast: Manifold Assault  |       |       |     5 ||     5
       Lesser Beckoning  |       |       |     1 ||     1
       Vhi's Electric Ch |       |       |     1 ||     1
Invok: Slouch            |     1 |       |     2 ||     3
 Abil: Spit Poison       |     1 |     1 |       ||     2
  Use: Potion            |       |       |     2 ||     2
Armor: Leather armour    |     5 |       |       ||     5
       Ring mail         |       |     7 |    25 ||    32
Dodge: Dodged            |    10 |    18 |    31 ||    59

Table legend: (Time is in decaauts)
 A = Elapsed time spent in this place.
 B = Non-inter-level travel time spent in this place.
 C = Inter-level travel time spent in this place.
 D = Time resting spent in this place.
 E = Time spent auto-exploring this place.
 F = Levels seen in this place.
 G = Mean time per level.
                   A        B        C        D        E       F      G
               +--------+--------+--------+--------+--------+-----+--------+
         Total |   1882 |   1717 |    165 |   1089 |      0 |   1 | 1882.0 |
       Dungeon |   1882 |   1717 |    165 |   1089 |      0 |   1 | 1882.0 |
               +--------+--------+--------+--------+--------+-----+--------+

Top non-repeatable levels by time:
       D: 1882 daAuts
